 Dungeon Crawl Stone Soup version 0.24.0-13-gcf9b3192b9 (webtiles) character file.

Game seed: 3078817128578949205, levelgen mode: deterministic

57 Goblin1989 the Shield-Bearer (level 4, -2/29 HPs)
             Began as a Gargoyle Fighter on Nov 7, 2019.
             Killed by divine providence
             ... invoked by an orc priest
              (14 damage)
             ... on level 3 of the Dungeon.
             The game lasted 00:02:36 (1762 turns).

Goblin1989 the Shield-Bearer (Gargoyle Fighter)     Turns: 1762, Time: 00:02:37

Health: -2/29      AC: 10    Str: 21    XL:     4   Next: 0%
Magic:  4/4        EV:  7    Int:  8    God:
Gold:   179        SH:  9    Dex:  9    Spells: 3/3 levels left

rFire    . . .     SeeInvis .   a - +0 war axe
rCold    . . .     Gourm    .   c - +0 shield
rNeg     + + .     Faith    .   b - +0 scale mail
rPois    ∞         Spirit   .   (no helmet)
rElec    +         Reflect  .   (no cloak)
rCorr    .         Harm     .   (no gloves)
MR       .....                  (no boots)
Stlth    ..........             (no amulet)
HPRegen  0.09/turn              m - ring of positive energy
MPRegen  0.09/turn              (no ring)

@: no status effects
A: negative energy resistance 1, electricity resistance, unbreathing,
petrification resistance, rot immunity, AC +3
a: no special abilities


You were on level 3 of the Dungeon.
You were not hungry.

You visited 1 branch of the dungeon, and saw 3 of its levels.

You collected 179 gold pieces.

Inventory:

Hand Weapons
 a - a +0 war axe (weapon)
 s - a +1 morningstar of draining
Missiles
 t - 16 poisoned darts (quivered)
Armour
 b - a +0 scale mail (worn)
 c - a +0 shield (worn)
Jewellery
 m - a ring of positive energy (left hand)
 o - an uncursed ring of resist corrosion {unknown}
 p - an uncursed amulet of regeneration {unknown}
Scrolls
 f - 2 scrolls of remove curse {unknown}
 h - a scroll of blinking {unknown}
 i - a scroll of enchant weapon {unknown}
 j - a scroll of noise {unknown}
 l - a scroll of enchant armour {unknown}
 n - 3 scrolls of teleportation {unknown}
 q - a scroll of identify {unknown}
 r - a scroll of random uselessness {unknown}
Potions
 d - 3 potions of might {@q4}
 k - a potion of curing {unknown}
Comestibles
 e - 5 rations


   Skills:
 + Level 3.7 Fighting
 * Level 2.7 Axes
 + Level 0.1 Throwing
 + Level 3.7 Armour
 + Level 3.7 Shields


You had 3 spell levels left.
You didn't know any spells.
Your spell library was empty.

Dungeon Overview and Level Annotations

Branches:
Dungeon (3/15)

Altars:
Hepliaklqana
Yredelemnul


Innate Abilities, Weirdness & Mutations

You are resistant to torment.
Your stone body is resilient. (AC +3)
You are immune to poison.
You resist negative energy. (rN+)
You are resistant to electric shocks. (rElec)
You can survive without breathing.
You are immune to petrification.
You are immune to rotting.


Message History

An orc is nearby!
Throwing (i - inventory)
t - 26 poisoned darts (quivered)
Press: ? - help, Shift-Dir - straight line, f - orc
Aim: an orc, wielding a +0 trident You throw a poisoned dart.
The poisoned dart hits the orc.
No target in view!
No target in view!
No target in view!
No target in view!
No target in view!
A kobold comes into view. It is wielding a +0 short sword.
Throwing (i - inventory)
t - 25 poisoned darts (quivered)
Press: ? - help, Shift-Dir - straight line, f/p - orc
Aim: an orc, wielding a +0 trident You throw a poisoned dart.
The poisoned dart hits the orc.
You block the orc's attack.
Throwing (i - inventory)
t - 24 poisoned darts (quivered)
Press: ? - help, Shift-Dir - straight line, f/p - orc
Aim: an orc, wielding a +0 trident You throw a poisoned dart.
The poisoned dart hits the orc.
The orc hits you but does no damage.
Throwing (i - inventory)
t - 23 poisoned darts (quivered)
Press: ? - help, Shift-Dir - straight line, f/p - orc
Aim: an orc, wielding a +0 trident You throw a poisoned dart.
The poisoned dart hits the orc.
The orc is poisoned.
The orc hits you from afar with a +0 trident.
You take 3 damage, and have 21/24 hp.
Throwing (i - inventory)
t - 22 poisoned darts (quivered)
Press: ? - help, Shift-Dir - straight line, f/p - orc
Aim: an orc, wielding a +0 trident (moderately wounded, poisoned)
You throw a poisoned dart. The poisoned dart hits the orc.
The orc looks even sicker.
The orc is moderately wounded.
An orc comes into view.
The orc closely misses you.
Throwing (i - inventory)
t - 21 poisoned darts (quivered)
Press: ? - help, Shift-Dir - straight line, f/p - orc
Aim: an orc, wielding a +0 trident (moderately wounded, poisoned)
You throw a poisoned dart.
The poisoned dart closely misses the orc.
The orc shouts!
You hear a shout!
You block the orc's attack.
Throwing (i - inventory)
t - 20 poisoned darts (quivered)
Press: ? - help, Shift-Dir - straight line, f/p - orc
Aim: an orc, wielding a +0 trident (heavily wounded, poisoned)
You throw a poisoned dart.
The poisoned dart closely misses the orc.
Throwing (i - inventory)
t - 19 poisoned darts (quivered)
Press: ? - help, Shift-Dir - straight line, f/p - orc
Aim: an orc, wielding a +0 trident (almost dead, poisoned)
You throw a poisoned dart.
The poisoned dart barely misses the orc.
You kill the orc!
An orc comes into view. It is wielding a +0 flail.
Throwing (i - inventory)
t - 18 poisoned darts (quivered)
Press: ? - help, Shift-Dir - straight line, f - kobold
Aim: a kobold, wielding a +0 short sword You throw a poisoned dart.
The poisoned dart closely misses the kobold.
You slash the kobold!
You kill the kobold!
You closely miss the orc. You block the orc's attack.
You slash the orc!
You kill the orc!
An orc wizard comes into view. It is wielding a +0 dagger.
Throwing (i - inventory)
t - 17 poisoned darts (quivered)
Press: ? - help, Shift-Dir - straight line, f - orc
Aim: an orc, wielding a +0 flail and wearing a +0 scale mail You throw a poisoned dart.
The poisoned dart hits the orc.
The orc hits you with a +0 flail.
You hit the orc but do no damage. You block the orc's attack.
You hit the orc.
The orc is heavily wounded.
You block the orc's attack.
The orc wizard gestures wildly while chanting.
The orc wizard flickers and vanishes!
Deactivating autopickup; reactivate with Ctrl-A.
You hit the orc.
The orc is almost dead.
The orc barely misses you.
You hit the orc.
You kill the orc!
You have reached level 4!
You feel stronger.
An orc priest comes into view. It is wielding a +0 whip.
You regained 4 hp, and now have 25/29 hp.
MP restored: 4 Something hits you but does no damage.
The orc priest mumbles some strange prayers to Beogh against you.
Beogh smites you!
Found a stone staircase leading down.
Items here: )) [ † a +0 flail; a +0 scale mail; a +0 short sword; an orc corpse You take 11 damage, and have 14/29 hp.
MASSIVE DAMAGE!!
You miss something. Something hits you.
* * * LOW HITPOINT WARNING * * *
Something hits you but does no damage.
The orc priest mumbles some strange prayers to Beogh against you.
Beogh smites you!
You die...

█.████..█
█.█.
█.█<....█
█.█.
█......██
█.█.
███.████ ██
█.█ █.█ █
█.█
>.███.███.█
█...(o{@..█
█████.█████
.. ██


You could see an orc priest.

Vanquished Creatures
  An adder (D:2)
  A dart slug (D:1)
  A leopard gecko (D:1)
  3 orcs (D:3)
  4 giant cockroaches
  5 goblins
  4 hobgoblins (D:1)
  4 jackals (D:1)
  5 kobolds
  2 bats (D:1)
  4 frilled lizards
  5 rats
  A plant (D:1)
40 creatures vanquished.

Notes
Turn   | Place    | Note
-------+----------+-------------------------------------------
     0 | D:1      | Goblin1989 the Gargoyle Fighter began the quest for the
                  | Orb.
     0 | D:1      | Reached XP level 1. HP: 14/14 MP: 1/1
   202 | D:1      | Reached XP level 2. HP: 19/19 MP: 2/2
   549 | D:1      | Reached XP level 3. HP: 23/23 MP: 3/3
   975 | D:2      | Found a hazy altar of Hepliaklqana.
  1072 | D:2      | You fall into a shaft and drop 1 floor!
  1655 | D:3      | Found a basalt altar of Yredelemnul.
  1760 | D:3      | Reached XP level 4. HP: 25/29 MP: 4/4
  1762 | D:3      | Killed from afar by an orc priest

Levels and vault maps discovered:
D:1:      sevenhm_arrival_forest_fort_large_4, layout_rooms, serial_forest,
          infiniplex_forest_clump_double, infiniplex_forest_corner_1,
          infiniplex_forest_clump_small, infiniplex_forest_lined_2,
          infiniplex_forest_straight_3, infiniplex_forest_lined_3,
          infiniplex_forest_lined_room_2, minmay_pentomino_w4
D:2:      layout_rooms, overflow_temple_1_default, serial_forest,
          infiniplex_forest_straight_1, infiniplex_forest_clump_small,
          infiniplex_forest_clump_small, infiniplex_forest_straight_5,
          infiniplex_forest_clump_tiny, infiniplex_forest_clump_double,
          infiniplex_forest_clump_curved
D:3:      layout_loops_corners, old_standard_altar

Skill      XL: |  1 |
---------------+----+-----
Axes           | 2 |  2.7
Fighting       | |  3.7
Throwing       | |  0.1
Armour         | |  3.7
Shields        | |  3.7

Action                   |  1- 3 |  4- 6 || total
-------------------------+-------+-------++-------
Melee: War axe           |   147 |     1 ||   148
Throw: Dart              |    39 |       ||    39
  Eat: Chunk             |     3 |       ||     3
Armor: Scale mail        |    76 |     2 ||    78
Dodge: Dodged            |    45 |       ||    45
Block: Shield            |    68 |       ||    68

Levels and vault maps discovered:
D:1:      sevenhm_arrival_forest_fort_large_4, layout_rooms, serial_forest,
          infiniplex_forest_clump_double, infiniplex_forest_corner_1,
          infiniplex_forest_clump_small, infiniplex_forest_lined_2,
          infiniplex_forest_straight_3, infiniplex_forest_lined_3,
          infiniplex_forest_lined_room_2, minmay_pentomino_w4
D:2:      layout_rooms, overflow_temple_1_default, serial_forest,
          infiniplex_forest_straight_1, infiniplex_forest_clump_small,
          infiniplex_forest_clump_small, infiniplex_forest_straight_5,
          infiniplex_forest_clump_tiny, infiniplex_forest_clump_double,
          infiniplex_forest_clump_curved
D:3:      layout_loops_corners, old_standard_altar
